 Dungeon Crawl Stone Soup version 0.28-a0-224-g76b539d98b (webtiles) character file.

Game seed: 17571613977846373508

256 Arne the Gusty (level 6, -5/34 HPs)
             Began as a Tengu Air Elementalist on Aug 21, 2021.
             Slain by an iguana (10 damage)
             ... on level 5 of the Dungeon.
             The game lasted 00:28:57 (2762 turns).

Arne the Gusty (Tengu Air Elementalist)             Turns: 2762, Time: 00:28:57

Health: -5/34      AC:  4    Str:  8    XL:     6   Next: 16%
Magic:  8/11       EV: 15    Int: 16    God:
Gold:   118        SH:  0    Dex: 16    Spells: 10/11 levels left

rFire   . . .      SeeInvis .   c - +0 spear
rCold   . . .      Faith    .   (no shield)
rNeg    . . .      Spirit   .   a - +0 robe
rPois   .          Reflect  .   o - +2 hat
rElec   .          Harm     .   (no cloak)
rCorr   .          Rampage  .   (no gloves)
Will    .....                   (boots unavailable)
Stlth   ++........              n - amulet of magic regeneration
HPRegen 0.11/turn               (no ring)
MPRegen 0.37/turn               (no ring)

@: flying quickly and evasively, quick
A: beak, talons 3, nimble flight
a: no special abilities


You were on level 5 of the Dungeon.
You visited 1 branch of the dungeon, and saw 5 of its levels.

You collected 118 gold pieces.

Inventory:

Hand Weapons
 c - a +0 spear (weapon)
 k - a +0 trident
Armour
 a - a +0 robe (worn)
 o - a +2 hat (worn)
Jewellery
 n - an amulet of magic regeneration (around neck)
Scrolls
 g - a scroll of teleportation
 h - a scroll of holy word
 l - a scroll of identify
Potions
 b - a potion of haste
 d - 2 potions of invisibility {unknown}
 f - a potion of brilliance {unknown}
 i - 2 potions of curing {unknown}
 j - a potion of heal wounds {unknown}
 m - a potion of degeneration {unknown}


   Skills:
 * Level 1.6 Fighting
 * Level 2.4 Polearms
 + Level 2.9 Dodging
 + Level 2.5 Stealth
 + Level 3.1 Spellcasting
 + Level 2.5 Conjurations
 + Level 5.6 Air Magic


You had 10 spell levels left.
You knew the following spells:

 Your Spells              Type           Power      Damage    Failure   Level
a - Shock                 Conj/Air       60%        1d6       3%          1

Your spell library contained the following spells:

 Spells                   Type           Power      Damage    Failure   Level
 Static Discharge         Conj/Air       15%        N/A       5%          2
 Swiftness                Air            20%        N/A       5%          3
 Magic Dart               Conj           40%        1d5       7%          1
 Mephitic Cloud           Conj/Pois/Air  11%        N/A       19%         3
 Airstrike                Air            10%        N/A       19%         4
 Call Imp                 Summ           2%         N/A       28%         2


Dungeon Overview and Level Annotations

Branches:
Dungeon (5/15)             Temple (0/1) D:4

Altars:
Okawaru
Uskayaw

Shops:
D:4 *

Annotations:
D:4 Eustachio, Sigmund


Innate Abilities, Weirdness & Mutations

You have a beak for a mouth.
You have claws for feet.
Your magical nature lets you fly swiftly and evasively.


Message History

The zap hits the hound.
You kill the hound!
Casting: Shock (safe; 3% risk of failure)
Confirm with . or Enter, or press ? or * to list all spells.
Aiming: Shock (safe; 3% risk of failure)
Press: ? - help, Shift-Dir - straight line, f/p - iguana
Aim: an iguana (75% to hit)
The zap hits the iguana but does no damage.
Casting: Shock (safe; 3% risk of failure)
Confirm with . or Enter, or press ? or * to list all spells.
Aiming: Shock (safe; 3% risk of failure)
Press: ? - help, Shift-Dir - straight line, f/p - iguana
Aim: an iguana (75% to hit)
The zap hits the iguana but does no damage.
The zap hits the ogre.
The ogre is lightly wounded.
Found 19 gold pieces.
Found an escape hatch in the ceiling.
Found a stone staircase leading down.
Casting: Shock (safe; 3% risk of failure)
Confirm with . or Enter, or press ? or * to list all spells.
Aiming: Shock (safe; 3% risk of failure)
Press: ? - help, Shift-Dir - straight line, f/p - iguana
Aim: an iguana (75% to hit)
The zap hits the iguana.
The iguana is lightly wounded.
The zap hits the ogre.
The ogre is lightly wounded.
A worm comes into view.
You see here a +0 whip.
Casting: Shock (safe; 3% risk of failure)
Confirm with . or Enter, or press ? or * to list all spells.
Aiming: Shock (safe; 3% risk of failure)
Press: ? - help, Shift-Dir - straight line, f/p - iguana
Aim: an iguana (lightly wounded, 75% to hit)
The zap hits the iguana but does no damage.
The iguana is lightly wounded.
The zap hits the ogre.
The ogre is moderately wounded.
The iguana bites you!
You die...

#. .# #. #.# .# .##.
#.## #.# ... #..## #.#
## . #.##.#.###..# # #.
...###.......[...##.#.#.
..........###.......#...
.#>..@l.O......#######
.........)..........#...
...#.....##.##.####.#.##
.......w.##.# .# #.#.#
####..####.# .# #.O.#
#.. ... .. ##### #.. .<#
.# #.. #.$. .. #... ..


You could see an ogre, a worm (asleep) and an iguana.

Vanquished Creatures
  A scorpion (D:4)
  A hound (D:5)
  2 hound skeletons
  A gnoll (D:1)
  3 adders
  An adder skeleton (D:4)
  3 worms
  6 dart slugs
  3 orcs
  4 ball pythons
  5 bats
  6 endoplasms
  4 giant cockroaches
  2 goblins
  8 hobgoblins
  7 jackals (D:1)
  6 quokkas
  4 frilled lizards
  6 kobolds
  3 rats
76 creatures vanquished.

Vanquished Creatures (others)
  9 plants (D:2)
9 creatures vanquished.

Grand Total: 85 creatures vanquished

Notes
Turn   | Place    | Note
-------+----------+-------------------------------------------
     0 | D:1      | Arne the Tengu Air Elementalist began the quest for the
                  | Orb.
     0 | D:1      | Reached XP level 1. HP: 10/10 MP: 4/4
   154 | D:1      | Reached XP level 2. HP: 8/15 MP: 0/6
   326 | D:1      | Reached XP level 3. HP: 8/19 MP: 2/7
   608 | D:1      | Reached skill level 5 in Air Magic
   693 | D:1      | Found a faded altar of an unknown god.
  1175 | D:2      | Reached XP level 4. HP: 18/24 MP: 4/8
  1444 | D:2      | Reached skill level 1 in Fighting
  1552 | D:2      | Reached skill level 1 in Polearms
  1862 | D:3      | Gained mutation: Your magical nature lets you fly swiftly
                  | and evasively. [Tengu growth]
  1862 | D:3      | Reached XP level 5. HP: 13/29 MP: 5/9
  2075 | D:3      | Found a hide-covered altar of Uskayaw.
  2308 | D:4      | Noticed Eustachio
  2308 | D:4      | Found a staircase to the Ecumenical Temple.
  2318 | D:4      | Found Zammotew's Assorted Antiques.
  2480 | D:4      | Noticed Sigmund
  2612 | D:4      | Reached XP level 6. HP: 14/34 MP: 7/11
  2613 | D:4      | Found an iron altar of Okawaru.
  2726 | D:5      | Entered Level 5 of the Dungeon
  2762 | D:5      | Slain by an iguana

Illustrated notes

Levels and vault maps discovered:
D:1:      heliophobic_arrival_glass_houses, layout_loops_ring,
          ebering_ecumenical_altar_abandoned, corexii_leaking_fountain,
          hangedman_decor_riveting
D:2:      layout_basic, serial_bayou, serial_bayou_ford_a,
          serial_bayou_crossing, serial_bayou_shore_a, serial_bayou_pond_a,
          minmay_tall_x
D:3:      layout_loops_ring, mainiacjoe_overflow_small_starburst
D:4:      layout_basic, mainiacjoe_overflow_alcove_1,
          minmay_temple_entry_overgrown, serial_shops, nicolae_lakefront_shop,
          nicolae_shop_waterfront, hangedman_decor_growths, kennysheep_diamond,
          wad_floor_pattern_1, minmay_fractal_squares_diagonal_5, uniq_sigmund,
          uniq_eustachio, uniq_crazy_yiuf_cottage
D:5:      layout_loops_ring, nicolae_hepliaklqana_hippocampus,
          mainiacjoe_overflow_tiny_flanked, minmay_circle_x

Skill      XL: |  1  2  3  4  5 |
---------------+----------------+-----
Air Magic      | 5 |  5.6
Conjurations   | 2 |  2.5
Fighting       | 1 |  1.6
Polearms       | 1 2 |  2.4
Spellcasting   | 3 |  3.1
Dodging        | |  2.9
Stealth        | |  2.5

Action                   |  1- 3 |  4- 6 || total
-------------------------+-------+-------++-------
Melee: Unarmed           |    12 |       ||    12
       Peck              |     8 |     4 ||    12
       Kick              |     7 |    13 ||    20
       Spear             |    31 |    95 ||   126
 Cast: Shock             |    43 |    78 ||   121
  Use: Scroll            |     1 |     5 ||     6
       Potion            |       |     1 ||     1
 Stab: Sleeping          |     1 |     3 ||     4
Armor: Robe              |    15 |     8 ||    23
Dodge: Dodged            |    41 |    51 ||    92

Table legend: (Time is in decaauts)
 A = Elapsed time spent in this place.
 B = Non-inter-level travel time spent in this place.
 C = Inter-level travel time spent in this place.
 D = Time resting spent in this place.
 E = Time spent auto-exploring this place.
 F = Levels seen in this place.
 G = Mean time per level.
                   A        B        C        D        E       F      G
               +--------+--------+--------+--------+--------+-----+--------+
         Total |   2708 |   2708 |      0 |    276 |    244 |   5 |  541.6 |
       Dungeon |   2708 |   2708 |      0 |    276 |    244 |   5 |  541.6 |
               +--------+--------+--------+--------+--------+-----+--------+

Top non-repeatable levels by time:
     D:1: 1112 daAuts
     D:2: 739 daAuts
     D:3: 489 daAuts
     D:4: 336 daAuts
     D:5: 32 daAuts
